 Dungeon Crawl Stone Soup version 0.20-a0-993-gba41c3c (webtiles) character file.

212 Alarkh the Insei (level 5, -6/41 HPs)
             Began as a Demonspawn Transmuter on Apr 11, 2017.
             Mangled by an orc
             ... wielding a +0 trident of piercing
              (7 damage)
             ... on level 3 of the Dungeon.
             The game lasted 00:04:02 (3120 turns).

Alarkh the Insei (Demonspawn Transmuter)            Turns: 3120, Time: 00:04:03

Health: -6/41      AC:  4    Str: 14    XL:     5   Next: 58%
Magic:  8/8        EV: 12    Int: 15    God:
Gold:   239        SH:  0    Dex: 13    Spells: 8/8 levels left

rFire    . . .     SeeInvis .     - Unarmed
rCold    . . .     Gourm    .   (no shield)
rNeg     . . .     Faith    .   b - +0 robe
rPois    .         Spirit   .   (helmet restricted)
rElec    .         Reflect  .   j - +1 cloak
rCorr    .         Harm     .   (no gloves)
MR       .....                  (no boots)
Stlth    ++........             (no amulet)
Regen    0.2/turn               l - +3 ring of strength
MPRegen  0.2/turn               p - ring of flight

@: no status effects
A: antennae 1, hooves 2, nightstalker 1, subdued magic 1
a: Evoke Flight


You were on level 3 of the Dungeon.
You were not hungry.

You visited 1 branch of the dungeon, and saw 3 of its levels.

You collected 239 gold pieces.

Inventory:

Missiles
 a - 12 arrows
Armour
 b - a +0 robe (worn)
 j - a +1 cloak (worn)
Jewellery
 k - an uncursed ring of ice
 l - a +3 ring of strength (left hand)
 p - a ring of flight (right hand)
Scrolls
 e - a scroll of identify
 g - a scroll of immolation
 h - a scroll of teleportation
 i - a scroll of enchant weapon
Books
 c - a book of Changes

   Spells                             Type                      Level
   a - Beastly Appendage              Transmutation                1
   b - Sticks to Snakes               Transmutation                2
   c - Spider Form                    Transmutation/Poison         3
   d - Ice Form                       Ice/Transmutation            4
   e - Blade Hands                    Transmutation                5
Comestibles
 d - 4 bread rations
 f - 7 chunks of flesh
 m - 3 fruits
 o - a meat ration


   Skills:
 + Level 3.1 Fighting
 - Level 1.7 Dodging
 * Level 5.0 Unarmed Combat
 - Level 2.0 Spellcasting
   Level 1.7 Transmutations


You had 8 spell levels left.
You didn't know any spells.

Dungeon Overview and Level Annotations

Branches:
Dungeon (3/15)

Altars:

Annotations:
D:3 1 runed door


Innate Abilities, Weirdness & Mutations

You have hoof-like feet.
You are slightly more attuned to the shadows.
You have a pair of small antennae on your head.
Your spells are a little easier to cast, but a little less powerful.


Message History

The orc is lightly wounded.
The orc hits you with a trident of piercing.
* * * LOW HITPOINT WARNING * * *
x2 You hit the orc.
The orc is moderately wounded.
The orc closely misses you.
You barely miss the orc. You kick the orc, but do no damage.
The orc is moderately wounded.
The orc hits you with a trident of piercing.
* * * LOW HITPOINT WARNING * * *
x2 You barely miss the orc.
Your kick misses the orc.
The orc is moderately wounded.
You closely miss the orc. Your kick misses the orc.
The orc is moderately wounded.
The orc hits you with a trident of piercing.
* * * LOW HITPOINT WARNING * * *
x2 You hit the orc.
You kick the orc.
The orc is severely wounded.
The orc hits you with a trident of piercing!
You die...

.o. #.# .o #o# ..
#g# #. #o# #.# #g#
#..## #o# #..# #o#
#.# #@# . #.# ##.#
.# #)# #..# ..####
#.# #.##
#....######)# #.#
###......?..# #.#
.....รท......###.#
............##..#
.......$K....#.##


You could see 4 orcs, a hobgoblin and a goblin.

Vanquished Creatures
  A scorpion (D:3)
  Terence (D:2)
  Robin (D:2)
  3 adders (D:2)
  A worm (D:2)
  A dart slug (D:1)
  2 leopard geckos (D:2)
  An orc (D:3)
  4 giant cockroaches
  19 goblins
  9 hobgoblins
  9 jackals
  3 ball pythons
  10 bats
  2 frilled lizards
  5 kobolds
  14 rats
  2 fungi (D:2)
88 creatures vanquished.

Notes
Turn   | Place    | Note
-------+----------+-------------------------------------------
     0 | D:1      | Alarkh the Demonspawn Transmuter began the quest for the Orb.
     0 | D:1      | Reached XP level 1. HP: 15/15 MP: 3/3
   156 | D:1      | Reached skill level 3 in Unarmed Combat
   201 | D:1      | Gained mutation: You have large cloven feet. [demonic ancestry]
   201 | D:1      | Reached XP level 2. HP: 21/21 MP: 5/5
   909 | D:2      | Gained mutation: You have hoof-like feet. [demonic ancestry]
   909 | D:2      | Reached XP level 3. HP: 23/27 MP: 6/6
   997 | D:2      | Noticed Robin
  1013 | D:2      | Gained mutation: Your spells are a little easier to cast, but a little less powerful. [potion of mutation]
  1013 | D:2      | Gained mutation: You have a pair of small antennae on your head. [potion of mutation]
  1020 | D:2      | Killed Robin
  1042 | D:2      | Gained mutation: You are slightly more attuned to the shadows. [demonic ancestry]
  1042 | D:2      | Reached XP level 4. HP: 28/34 MP: 7/7
  1201 | D:2      | Reached skill level 4 in Unarmed Combat
  1218 | D:2      | Noticed Terence
  1232 | D:2      | Killed Terence
  2367 | D:2      | Reached XP level 5. HP: 40/40 MP: 8/8
  2970 | D:3      | Reached skill level 5 in Unarmed Combat
  3021 | D:3      | Found a runed door.
  3119 | D:3      | HP: 2/41 [orc/trident of piercing (3)]
  3120 | D:3      | Mangled by an orc

Vault maps used:
D:1:      lightli_arrival_statue_moat, minmay_octomino_c4
D:2:      serial_park_tiny_1, minmay_gold_behind_fungi, uniq_robin, uniq_terence
D:3:      first_bread, cheibrodos_sewer_entry_bend, uniq_natasha, uniq_sigmund,
          uniq_crazy_yiuf_cottage

Skill      XL: |  1  2  3  4  5 |
---------------+----------------+-----
Unarmed Combat | 3 4 5 |  5.0
Fighting       | 2 3 |  3.1
Dodging        | |  1.7
Spellcasting   | |  2.0
Transmutations | |  1.7

Action                   |  1- 3 |  4- 6 || total
-------------------------+-------+-------++-------
Melee: Unarmed           |   135 |   206 ||   341
       Kick              |    24 |    47 ||    71
       Punch             |       |     2 ||     2
  Use: Scroll            |     1 |     6 ||     7
       Potion            |     4 |     3 ||     7
 Stab: Sleeping          |       |     4 ||     4
  Eat: Chunk             |       |     7 ||     7
Armor: Robe              |    30 |    50 ||    80
Dodge: Dodged            |   103 |   127 ||   230
